[Event "*** SCC Grand Prix: Titled Tuesday Blitz"]
[Site "Chess.com"]
[Date "2020.06.02"]
[Round "2"]
[White "profofchess"]
[Black "anon569"]
[Result "0-1"]
[WhiteElo "2443"]
[BlackElo "2266"]
[TimeControl "180+1"]
[EndTime "10:17:52 PDT"]
[Termination "anon569 won by checkmate"]

1. e4 c5 2. Nf3 d6 3. c3 Nf6 4. Bc4 Nc6 5. Qe2 e6 6. Bb3 g6 7.
d4 Bg7 8. Bg5 h6 9. Bxf6 Bxf6 10. dxc5 dxc5 11. O-O O-O 12. Qe3 g5 13. Qxc5 g4 14. Rd1 Qe8 15. Nd4 Nxd4 16. cxd4 Bg5 17.
Nc3 b6 18. Qe5 Bb7 19. Qg3 h5 20. h3 Qe7 21. hxg4 Bh4 22. Qf3 Qg5 23. gxh5 Kh7 24.
g3 f5 25. Qe3 f4 26. Qd3 fxg3 27. f3 g2 28. Ne2 Bg3 29. Rac1 Bb8 30. Rc3 Qh4 31.
e5+ Rf5 32. d5 Bxe5 33. Rc6 Qh2+ 34. Kf2 g1=Q# 0-1

[Event "*** SCC Grand Prix: Titled Tuesday Blitz"]
[Site "Chess.com"]
[Date "2020.06.02"]
[Round "2"]
[White "2nd_life"]
[Black "RianKapriaga"]
[Result "1-0"]
[WhiteElo "2424"]
[BlackElo "2192"]
[TimeControl "180+1"]
[EndTime "10:17:52 PDT"]
[Termination "2nd_life won on time"]

1. e4 e5 2. f4 Bc5 3. Nf3 d6 4. Nc3 Nf6 5. Bc4 Nc6 6. d3 a6 7. Nd5 O-O 8. fxe5 Nxd5 9. Bxd5 Nxe5 10. Nxe5 dxe5 11. Qh5 Qd6 12. Bd2 c6 13. Bb3 a5 14.
Rf1 Be6 15. Bxe6 Qxe6 16. Qf5 Qd6 17. O-O-O a4 18. Bc3 f6 19. g4 b5 20. Be1 a3 21.
b3 Be3+ 22. Kb1 c5 23. Qf3 Bh6 24. h4 Rad8 25. Qg2 b4 26. g5 fxg5 27. Rxf8+ Rxf8 28. hxg5 Qd4 29. c3 bxc3 30. gxh6 c2+ 31. Qxc2 gxh6 32. Qc4+ Kh8 33. Qxd4 exd4 34. Rc1 Rc8 35. Bf2 Kg8 36.
Bxd4 Rd8 37. Bxc5 1-0

[Event "*** SCC Grand Prix: Titled Tuesday Blitz"]
[Site "Chess.com"]
[Date "2020.06.02"]
[Round "2"]
[White "picturesquecheck"]
[Black "manitodeplomo"]
[Result "0-1"]
[WhiteElo "2125"]
[BlackElo "2608"]
[TimeControl "180+1"]
[EndTime "10:17:53 PDT"]
[Termination "manitodeplomo won by resignation"]

1. e4 g6 2. d4 Bg7 3. Nc3 c5 4.
Nf3 Qa5 5. Be3 Nf6 6. Qd2 Nc6 7. dxc5 O-O 8. h3 b6 9. cxb6 axb6 10. Bd3 b5 11. Nxb5 Nxe4 12. Qxa5 Rxa5 13. Bxe4 Rxb5 14. O-O Rxb2 15. Rab1 Rxa2 16. Bc5 d6 17. Be3 Ne5 18. Nxe5 Bxe5 19. Bh6 Bg7 20. Bxg7 Kxg7 21. Rfe1 Kf6 22. Rb8 Ra5 23. Bb7 Rc5 24. Ra1 Rxc2 25. g4 h6 26. Be4 Rc7 27. Raa8 Rd8 28. Bd3 g5 29. Kh2 Rc3 30. Bf5 Bxf5 31. Rxd8 Be4 32. Rh8 Bxa8 33. Rxa8 d5 34. Kg2 e5 35. Ra6+ Kg7 36. Ra5 Rd3 37. Rc5 Kg6 38. f3 f6 39. Kf2 h5 40. Rc8 h4 41. Rg8+ Kf7 42. Rc8 e4 43. Rc7+ Ke6 44. Rc6+ Ke5 0-1

[Event "*** SCC Grand Prix: Titled Tuesday Blitz"]
[Site "Chess.com"]
[Date "2020.06.02"]
[Round "2"]
[White "garicradomir"]
[Black "Stewie_89"]
[Result "0-1"]
[WhiteElo "2273"]
[BlackElo "2636"]
[TimeControl "180+1"]
[EndTime "10:17:54 PDT"]
[Termination "Stewie_89 won by checkmate"]

1. e4 Nf6 2. e5 Nd5 3. Nf3 d6 4. Bc4 c6 5. O-O g6 6. d4 Bg7 7. Re1 O-O 8. h3 dxe5 9. Nxe5 Be6 10. Bb3 Nd7 11. Nf3 Nc7 12. Nbd2 Bxb3 13. Nxb3 Re8 14.
Bg5 h6 15. Bh4 Nf6 16. Qe2 Ncd5 17. Rad1 Nh5 18. Ne5 Ndf4 19. Qf3 g5 20. Bg3 Qd5 21. Bxf4 Nxf4 22. Re4 Rad8 23. c4 Qd6 24. Rde1 Bxe5 25.
Rxe5 e6 26. c5 Qd7 27. Kh2 Ng6 28. R5e4 Nf4 29. g3 Nd5 30. h4 Kg7 31. Nd2 Nf6 32. hxg5 hxg5 33. Re5 Rh8+ 34. Kg2 Qxd4 35. Rxg5+ Kf8 36.
Ne4 Nxe4 37. Rxe4 Qd3 38. Qf4 Qb1 39. Rh5 Rxh5 40. g4 Qh1+ 41. Kg3 Rh3# 0-1

[Event "*** SCC Grand Prix: Titled Tuesday Blitz"]
[Site "Chess.com"]
[Date "2020.06.02"]
[Round "2"]
[White "r31415"]
[Black "lucachess49"]
[Result "0-1"]
[WhiteElo "2434"]
[BlackElo "2486"]
[TimeControl "180+1"]
[EndTime "10:17:54 PDT"]
[Termination "lucachess49 won on time"]

1. e4 e5 2. Nf3 Nc6 3. Bc4 Nf6 4. d3 Be7 5. c3 O-O 6. O-O d6 7. Bb3 Na5 8. Bc2 c5 9. Nbd2 Nc6 10. Re1 h6 11.
Nf1 Re8 12. Ng3 Be6 13. h3 Bf8 14. Be3 d5 15. exd5 Nxd5 16. Bd2 Qc7 17. Qe2 f6 18. Qe4 g5 19. Bb3 Rad8 20. Rad1 Qh7 21. Nh5 Bg7 22.
Bc1 Qxe4 23. dxe4 Nb6 24. Rxd8 Nxd8 25. Rd1 c4 26. Bc2 Nf7 27. Be3 Rd8 28. Kf1 Rxd1+ 29.
Bxd1 Nd6 30. Nd2 Kf7 31. Ng3 Bf8 32. Bg4 Bxg4 33. hxg4 Nb5 34. Ke2 Nc7 35. Bxb6 axb6 36. Nxc4 b5 37. Na5 b6 38. Nb3 Ne6 39. Nf5 Nf4+ 40. Kf3 Nd3 0-1

[Event "*** SCC Grand Prix: Titled Tuesday Blitz"]
[Site "Chess.com"]
[Date "2020.06.02"]
[Round "2"]
[White "Kostya26"]
[Black "PawnEatingZombie"]
[Result "0-1"]
[WhiteElo "2415"]
[BlackElo "2218"]
[TimeControl "180+1"]
[EndTime "10:17:54 PDT"]
[Termination "PawnEatingZombie won by resignation"]

1. e4 c6 2. d4 d5 3. exd5 cxd5 4. Bd3 Nc6 5. c3 Qc7 6. Ne2 Bg4 7. Bg5 e6 8. Nd2 Bd6 9. Qb3 Nf6 10. Ng3 Nh5 11. Nxh5 Bxh5 12. h3 Bg6 13. Be2 O-O 14. Nf3 Rfe8 15. O-O Rab8 16. Rac1 b5 17. a3 a6 18.
Rfe1 Na5 19. Qd1 Nc4 20. Bxc4 bxc4 21. Re2 Rb7 22. Ne5 Bxe5 23. dxe5 Reb8 24. Qd2 Bd3 25.
Ree1 Rxb2 26. Qf4 Ra2 27. h4 Rbb2 28. h5 Rxf2 29. Qxf2 Rxf2 30. Kxf2 h6 31. Bh4 Qa5 32. Be7 Qb6+ 33. Kg3 Qb2 34. Bc5 Kh7 35. Bb4 Be4 36. Rg1 Qd2 37. Bc5 Qg5+ 38. Kf2 Qxh5 39. Ke3 Qg4 40.
Bd6 h5 41. Kd4 h4 42. Kc5 Bxg2 43. Rc2 h3 44. Kb6 g5 45. Kxa6 Qe4 46. Kb6 Qxc2 47. a4 Qa2 48. a5 h2 49. Rc1 h1=Q 50. Rxh1+ Bxh1 51. a6 g4 52. Bb4 Qa4 53. a7 Qe8 54.
Kb7 Qd7+ 55. Kb8 Qd8+ 56. Kb7 g3 57. a8=Q d4+ 0-1

[Event "*** SCC Grand Prix: Titled Tuesday Blitz"]
[Site "Chess.com"]
[Date "2020.06.02"]
[Round "2"]
[White "ZWISCHENZUGGED"]
[Black "ajdemipopushi"]
[Result "0-1"]
[WhiteElo "2592"]
[BlackElo "2320"]
[TimeControl "180+1"]
[EndTime "10:17:56 PDT"]
[Termination "ajdemipopushi won by checkmate"]

1. e4 c5 2. Nf3 g6 3. c3 d5 4. exd5 Qxd5 5. Na3 Bg7 6. d4 Nf6 7. Bc4 Qe4+ 8. Be3 O-O 9. O-O cxd4 10. Bxd4 Nc6 11.
Re1 Qf5 12. Be3 a6 13. Nc2 e5 14. Bb6 Nd7 15. Ne3 Qf4 16. Bc7 Nc5 17. g3 Qh6 18. Qc2 Re8 19. Rad1 Be6 20. Bxe6 Nxe6 21. Bb6 Ng5 22.
Nxg5 Qxg5 23. Ng2 Qh5 24. Be3 Rad8 25. h4 Rxd1 26. Rxd1 Qf3 27. Rd2 e4 28. Ne1 Qf5 29. Ng2 Ne5 30. Ne1 Qh3 31. Qd1 Ng4 32. Bf4 h6 33.
Bd6 f5 34. Bc7 Kh7 35. Bb8 Re7 36. f3 exf3 37. Nxf3 Qxg3+ 38. Kf1 Re3 39. Rf2 Qxf2# 0-1

[Event "*** SCC Grand Prix: Titled Tuesday Blitz"]
[Site "Chess.com"]
[Date "2020.06.02"]
[Round "2"]
[White "frankshar"]
[Black "Klavdia_Nik"]
[Result "1-0"]
[WhiteElo "2375"]
[BlackElo "2065"]
[TimeControl "180+1"]
[EndTime "10:17:57 PDT"]
[Termination "frankshar won on time"]

1. d4 Nf6 2. c4 c5 3. d5 b5 4.
cxb5 a6 5. e3 axb5 6. Bxb5 Qa5+ 7. Nc3 Ba6 8. Bxa6 Nxa6 9. Ne2 d6 10. O-O g6 11. Bd2 Bg7 12. Ne4 Qb6 13. Bc3 O-O 14. Nxf6+ exf6 15. a3 Rfe8 16. Qd3 Nc7 17. e4 Nb5 18.
Rab1 Nxc3 19. Nxc3 Qb3 20. f3 f5 21. exf5 Bd4+ 22. Kh1 Re3 23. Qb5 Rb8 24. Qxb3 Rxb3 25. fxg6 hxg6 26. Ne4 Be5 27. a4 Re2 28. a5 Rexb2 29.
Rxb2 Rxb2 30. f4 Bxf4 31. g3 Be5 32. a6 Ra2 33. Ng5 f5 34. Ne6 Rxa6 35. Rg1 Ra1 36. Kg2 1-0

[Event "*** SCC Grand Prix: Titled Tuesday Blitz"]
[Site "Chess.com"]
[Date "2020.06.02"]
[Round "2"]
[White "Synctel"]
[Black "ferdipy"]
[Result "0-1"]
[WhiteElo "1918"]
[BlackElo "2348"]
[TimeControl "180+1"]
[EndTime "10:17:57 PDT"]
[Termination "ferdipy won on time"]

1. e4 e6 2. d4 d5 3. Nd2 Be7 4. Ngf3 Nf6 5. e5 Nfd7 6. Bd3 c5 7. c3 Nc6 8. O-O g5 9. h3 h5 10. g4 hxg4 11. hxg4 Qb6 12. dxc5 Nxc5 13. Nb3 Nxd3 14. Qxd3 Bd7 15. Be3 Qc7 16. Bd4 O-O-O 17. Kg2 Bf8 18.
Rh1 Bg7 19. Rae1 Rxh1 20. Kxh1 Rh8+ 21. Kg2 Ne7 22. Qe3 Ng6 23. Qxg5 Bh6 24. Qf6 Rg8 25. g5 Bf8 26. Qxf7 Rg7 27. Qf6 Kb8 28. Rh1 Be8 29.
Rh8 Qe7 30. Qxe7 Rxe7 31. Kg3 Rf7 32. Rg8 Rf5 0-1

[Event "*** SCC Grand Prix: Titled Tuesday Blitz"]
[Site "Chess.com"]
[Date "2020.06.02"]
[Round "2"]
[White "gena217"]
[Black "swisspower96"]
[Result "1/2-1/2"]
[WhiteElo "2843"]
[BlackElo "2555"]
[TimeControl "180+1"]
[EndTime "10:17:58 PDT"]
[Termination "Game drawn by repetition"]

1. e4 c5 2. Nf3 Nc6 3. Bb5 g6 4. Bxc6 dxc6 5. d3 Bg7 6. h3 Nf6 7. Nc3 Nd7 8. Be3 e5 9. Qd2 h6 10. O-O b6 11. a3 Nf8 12. b4 Ne6 13. bxc5 f5 14. exf5 gxf5 15. Rae1 f4 16. Nxe5 O-O 17. Nxc6 Qd7 18. Nd5 Bb7 19. Nce7+ Kh7 20. c4 fxe3 21. Qxe3 Bxd5 22. Nxd5 Nxc5 23. d4 Rae8 24. Qd2 Ne4 25. Qd3 Qf5 26. Re3 Nd6 27. Qc3 Rxe3 28. Nxe3 Qe4 29.
Rd1 Qf4 30. Qd3+ Kh8 31. Ng4 h5 32. Ne5 Qxf2+ 33. Kh1 Bxe5 34. dxe5 Nf5 35. e6 Ng3+ 36. Kh2 Nf1+ 37. Kh1 Ng3+ 38. Kh2 Nf5 39. Qe4 Qg3+ 40. Kh1 Qg5 41. Kh2 Qg3+ 42. Kh1 Qg5 43. Kh2 Qg3+ 1/2-1/2

[Event "*** SCC Grand Prix: Titled Tuesday Blitz"]
[Site "Chess.com"]
[Date "2020.06.02"]
[Round "2"]
[White "tsvet2005"]
[Black "Sethu0025"]
[Result "1/2-1/2"]
[WhiteElo "2533"]
[BlackElo "2800"]
[TimeControl "180+1"]
[EndTime "10:17:59 PDT"]
[Termination "Game drawn by repetition"]

1. d4 Nf6 2. c4 e6 3. Nc3 Bb4 4. f3 c5 5. d5 O-O 6. e4 b5 7. Nh3 bxc4 8. Bxc4 exd5 9. Bxd5 Nxd5 10. Qxd5 Nc6 11.
O-O Ba6 12. Rd1 c4 13. Be3 Be7 14. Qxd7 Ne5 15. Qa4 Qc8 16. Nd5 Bc5 17. Bxc5 Qxc5+ 18.
Kh1 Bb5 19. Qb4 Qxb4 20. Nxb4 a5 21. Nd5 Nd3 22. b3 Ra7 23. a4 Ba6 24. bxc4 Bxc4 25.
Rab1 h6 26. Rb6 Rd8 27. g3 Rad7 28. Kg2 Nb4 29. Nhf4 Bxd5 30. Nxd5 Nxd5 31. exd5 Rxd5 32. Rxd5 Rxd5 33. Rb5 Rd2+ 34. Kh3 Rd3 35. f4 g6 36. Rxa5 h5 37. Rb5 Ra3 38. a5 Ra2 39. f5 Kg7 40. fxg6 fxg6 41. Kh4 Kh6 42. Kh3 g5 43. Rb6+ Kg7 44.
Rb5 Kg6 45. Rb6+ Kf5 46. Rb5+ Kg6 47. g4 Ra3+ 48. Kg2 hxg4 49. Rb6+ Kh5 50. a6 Ra2+ 51. Kg3 Ra3+ 52. Kg2 Ra4 53. Kg3 Ra3+ 54. Kg2 1/2-1/2

[Event "*** SCC Grand Prix: Titled Tuesday Blitz"]
[Site "Chess.com"]
[Date "2020.06.02"]
[Round "2"]
[White "EfM13"]
[Black "murtas73"]
[Result "0-1"]
[WhiteElo "2311"]
[BlackElo "2662"]
[TimeControl "180+1"]
[EndTime "10:17:59 PDT"]
[Termination "murtas73 won on time"]

1. e4 e6 2. d3 d5 3. Nd2 c5 4. g3 Nc6 5. Bg2 Nf6 6. Ne2 g6 7. O-O Bg7 8. c3 O-O 9. Qc2 e5 10. a4 Bg4 11. Re1 Qd7 12. Nb3 b6 13. Bg5 d4 14.
cxd4 cxd4 15. Qd2 Be6 16. Nbc1 Rfc8 17. b4 a5 18. bxa5 bxa5 19. Rb1 Nb4 20. Rb2 Ne8 21. f4 Qxa4 22. fxe5 Bxe5 23. Nf4 Rc2 24. Rxc2 Qxc2 25.
Nxe6 fxe6 26. Bh3 Qxd2 27. Bxd2 Kf7 28. Nb3 Nxd3 29. Rf1+ Ke7 30. Nxa5 Rc8 31. Rb1 Rc2 32. Rb7+ Nc7 33. Bg5+ Kd7 34. Nb3 Nf2 35. Bg2 Ng4 36.
h3 Ne3 37. Bf3 Kc6 38. Rb8 Nb5 39. Rc8+ Bc7 40. Bf4 Kd7 41. Rh8 Bxf4 42. Rxh7+ Kd8 43. gxf4 d3 44. Bg4 Nxg4 45. hxg4 Rb2 46. Nc5 d2 47. Nxe6+ Kc8 48. Rh8+ Kd7 49. Rd8+ Kxe6 50. f5+ gxf5 51. exf5+ Ke7 0-1

[Event "*** SCC Grand Prix: Titled Tuesday Blitz"]
[Site "Chess.com"]
[Date "2020.06.02"]
[Round "2"]
[White "SirMittensofMittensville"]
[Black "The_Machine04"]
[Result "1-0"]
[WhiteElo "2599"]
[BlackElo "2299"]
[TimeControl "180+1"]
[EndTime "10:17:59 PDT"]
[Termination "SirMittensofMittensville won on time"]

1. e4 d6 2. d4 Nf6 3. Nc3 e5 4. Nf3 Nbd7 5. Bc4 Be7 6. O-O c6 7. Re1 b5 8. Bb3 a5 9. d5 cxd5 10. Nxd5 a4 11. Nxf6+ Nxf6 12. Bd5 Nxd5 13. Qxd5 Rb8 14.
Be3 O-O 15. Rad1 Be6 16. Qc6 Qc8 17. Rxd6 Bxd6 18. Qxd6 Qxc2 19. Qxe5 Rbd8 20. Bd4 Rxd4 21. Qxd4 Bxa2 22. Ne5 Be6 23. h4 h6 24. Re3 Qc1+ 25.
Kh2 Qc7 26. Rg3 Rd8 27. Nd7 Bg4 28. e5 Qxd7 29. Qxg4 Qxg4 30. Rxg4 Rd5 31. Re4 Kf8 32. Kg3 Rd3+ 33. f3 Rb3 34. Re2 Ke7 35. Kf4 Ke6 36. g4 b4 37. Rc2 a3 38. bxa3 bxa3 39. Rc6+ Ke7 40. Ra6 g6 41. h5 g5+ 42. Kg3 Re3 43. Rxh6 a2 44. Ra6 Re2 45. h6 Rxe5 46. h7 Re6 47. Ra7+ 1-0

[Event "*** SCC Grand Prix: Titled Tuesday Blitz"]
[Site "Chess.com"]
[Date "2020.06.02"]
[Round "2"]
[White "Ave_Mariia"]
[Black "LedakovAlexandr"]
[Result "1-0"]
[WhiteElo "2290"]
[BlackElo "2488"]
[TimeControl "180+1"]
[EndTime "10:17:59 PDT"]
[Termination "Ave_Mariia won by resignation"]

1. c4 Nc6 2. Nc3 d6 3. g3 g6 4. Bg2 Bg7 5. Nf3 e5 6. d3 Nge7 7. O-O O-O 8. Rb1 f5 9. Qc2 a5 10. a3 a4 11. Nxa4 e4 12. dxe4 fxe4 13. Ng5 Nd4 14.
Qd1 c6 15. Nxe4 d5 16. cxd5 cxd5 17. Nec3 Bg4 18. Be3 Nef5 19. Bxd4 Nxd4 20. h3 Bf5 21. Bxd5+ Kh8 22. Rc1 Bxh3 23. Bg2 Bg4 24. Nc5 Nxe2+ 25. Nxe2 Qxd1 26. Rfxd1 Bxe2 27. Rd2 Bh6 28. f4 Bg4 29.
Bxb7 Rab8 30. b4 Bg7 31. Bg2 g5 32. fxg5 Be5 33. Ne4 Bf5 34. Rd5 Rbe8 35. Rcc5 Bg7 36. Rxf5 Rg8 37. Rf7 Re5 38. Rxe5 Bxe5 39. Nf6 Bd4+ 40.
Kh2 Bxf6 41. gxf6 Rg5 42. Rf8+ Rg8 43. Rxg8+ Kxg8 44. Bd5+ Kf8 45. f7 1-0

[Event "*** SCC Grand Prix: Titled Tuesday Blitz"]
[Site "Chess.com"]
[Date "2020.06.02"]
[Round "2"]
[White "floplover"]
[Black "catalin009"]
[Result "1-0"]
[WhiteElo "2196"]
[BlackElo "2406"]
[TimeControl "180+1"]
[EndTime "10:17:59 PDT"]
[Termination "floplover won by checkmate"]

1. d4 Nf6 2. c4 e6 3. Nc3 Bb4 4. Qc2 O-O 5. e4 d6 6. e5 dxe5 7. dxe5 Nfd7 8. Bf4 Nc6 9. Nf3 f6 10. exf6 Qxf6 11. Be3 Bxc3+ 12. bxc3 Nde5 13. Nxe5 Nxe5 14. Be2 Bd7 15. Bd4 Bc6 16. O-O-O Rad8 17. Kb2 Qg5 18. h4 Qf6 19. Rh3 g6 20. Re3 Rxd4 21. cxd4 Nd7 22. Bf3 Nb6 23. Bxc6 bxc6 24. f3 c5 25. Qd3 Rb8 26.
Kc2 Qf8 27. Rde1 cxd4 28. Rxe6 Qb4 29. Re8+ Rxe8 30. Rxe8+ Kf7 31. Re4 Na4 32. Rxd4 Qb2+ 33. Kd1 Nc3+ 34. Ke1 Qc1+ 35. Kf2 Na4 36. Re4 Kf6 37.
Qd5 Qc2+ 38. Kg3 Nc3 39. Qc6+ Kf7 40. Qxc7+ Kf6 41. Qd6+ Kf7 42. Re7+ Kf8 43. Qd8# 1-0

[Event "*** SCC Grand Prix: Titled Tuesday Blitz"]
[Site "Chess.com"]
[Date "2020.06.02"]
[Round "2"]
[White "Gandrade2"]
[Black "TokChess"]
[Result "0-1"]
[WhiteElo "2009"]
[BlackElo "2362"]
[TimeControl "180+1"]
[EndTime "10:17:59 PDT"]
[Termination "TokChess won by checkmate"]

1. d4 Nf6 2. c4 g6 3. Nc3 d5 4. cxd5 Nxd5 5. Bd2 Bg7 6. e4 Nb6 7. Be3 O-O 8. Nf3 Bg4 9. Be2 Nc6 10. e5 Nb4 11. h3 Bxf3 12. Bxf3 N4d5 13. O-O c6 14. Qc1 f6 15. Bh6 Qd7 16. a4 a5 17. Bxg7 Kxg7 18.
Ne4 fxe5 19. Nc5 Qc8 20. dxe5 Rxf3 21. gxf3 Qxh3 22. Qg5 h5 23. Qg3 Qf5 24. Rfe1 Rf8 25. Rad1 e6 26. b3 Rf7 27. Ne4 Kh6 28. Nd6 Qxf3 29.
Nxf7+ Qxf7 30. Kh1 Qf5 31. Rc1 g5 32. Rcd1 h4 33.
Qg2 Nf4 34. Qe4 Qh3+ 35. Kg1 Qg4+ 36. Kf1 Nbd5 37. Rxd5 cxd5 38. Qh1 Qf5 39. Qg1 Qd3+ 40. Re2 Qxe2# 0-1

[Event "*** SCC Grand Prix: Titled Tuesday Blitz"]
[Site "Chess.com"]
[Date "2020.06.02"]
[Round "2"]
[White "Girkassa"]
[Black "Jumbo"]
[Result "0-1"]
[WhiteElo "2520"]
[BlackElo "2833"]
[TimeControl "180+1"]
[EndTime "10:18:00 PDT"]
[Termination "Jumbo won by resignation"]

1. d4 Nf6 2. c4 e6 3. g3 d5 4. Bg2 Bb4+ 5. Nc3 O-O 6. Nf3 dxc4 7. O-O Nc6 8. Qa4 Nd5 9. Qc2 h6 10. e4 Nb6 11. Rd1 Be7 12. Be3 Bd7 13. d5 Nb4 14. Qe2 exd5 15. exd5 Bf5 16. Ne5 Bf6 17. Nxc4 Nc2 18.
Rac1 Nxc4 19. Qxc4 Nxe3 20. fxe3 Bg5 21. Re1 Re8 22. Qd4 a6 23. Rcd1 Qd6 24. e4 Bf6 25.
Qc4 Bg4 26. Rd2 Be5 27. Rf2 Re7 28. Nd1 g6 29. Ne3 Bd7 30. Qc2 b5 31. Ref1 h5 32. Qd2 Rf8 33. Rf3 Kh7 34. Qf2 f6 35. h3 Bd4 36.
Kh1 Rh8 37. Qe2 Be5 38. Nf5 gxf5 39. Rxf5 Bxf5 40. Qxh5+ Kg8 41. Qxf5 Qd7 42. Qg6+ Rg7 0-1

[Event "*** SCC Grand Prix: Titled Tuesday Blitz"]
[Site "Chess.com"]
[Date "2020.06.02"]
[Round "2"]
[White "GMKrikor"]
[Black "Semetey"]
[Result "0-1"]
[WhiteElo "2757"]
[BlackElo "2531"]
[TimeControl "180+1"]
[EndTime "10:18:00 PDT"]
[Termination "Semetey won on time"]

1. e4 g6 2. d4 Bg7 3. Nc3 c6 4. f4 d5 5. e5 Nh6 6. Nf3 Bg4 7. Be3 f6 8. Be2 O-O 9. O-O Nf5 10. Bf2 Bxf3 11. Bxf3 fxe5 12. fxe5 e6 13. Qd3 c5 14. dxc5 Nc6 15. Be2 Nxe5 16. Qh3 h5 17. Rae1 a6 18. a3 Qg5 19. Bd3 Ng4 20. Nd1 e5 21.
Be2 Nxf2 22. Rxf2 e4 23. c3 Rf7 24. Ref1 Raf8 25. b4 Be5 26. Kh1 Kg7 27. g3 e3 28. Rf3 d4 29. Bc4 Rf6 30. cxd4 Nxd4 31. Rxf6 Rxf6 32. Rxf6 Qxf6 33. Qg2 Qf5 34. Be2 Qc2 35.
Bxh5 e2 36. Bxe2 Nxe2 37. Qxb7+ Kh6 38. Qd5 Nc3 0-1

[Event "*** SCC Grand Prix: Titled Tuesday Blitz"]
[Site "Chess.com"]
[Date "2020.06.02"]
[Round "2"]
[White "novendrapriasmoro"]
[Black "andriipalchuk"]
[Result "0-1"]
[WhiteElo "2586"]
[BlackElo "2142"]
[TimeControl "180+1"]
[EndTime "10:18:00 PDT"]
[Termination "andriipalchuk won on time"]

1. e4 c6 2. d4 d5 3. Nc3 dxe4 4. Nxe4 Nf6 5. Nxf6+ exf6 6. c3 Bd6 7. Bd3 O-O 8. Qc2 Re8+ 9. Ne2 h5 10. O-O h4 11.
Bf4 h3 12. g3 Bg4 13. f3 Be6 14. Rfe1 Bd5 15. Bxd6 Qxd6 16. Nf4 Nd7 17. Kf2 g5 18. Nxh3 Kg7 19. Bf5 Nb6 20. b3 Rh8 21. Kg2 Be6 22. Nf2 Nd5 23. Rad1 Bxf5 24. Qxf5 Nxc3 25. Rd3 Nd5 26.
Rd2 Rae8 27. Rde2 Rxe2 28. Rxe2 Qb4 29. Qd3 Rd8 30. Ne4 Nc7 31. Rd2 Ne6 32. a3 Qxa3 33. Qc3 Rd5 34. Qe3 Qb4 35. f4 Rxd4 36. Rxd4 Qxd4 37.
Qxd4 Nxd4 38. fxg5 fxg5 39. Nxg5 Nxb3 40. Ne4 a5 41. Nd6 a4 42. Nc4 b5 43. Na3 b4 44. Nc2 c5 45. h4 a3 46. g4 a2 0-1

[Event "*** SCC Grand Prix: Titled Tuesday Blitz"]
[Site "Chess.com"]
[Date "2020.06.02"]
[Round "2"]
[White "DonBroca"]
[Black "Elbek_Jumanov"]
[Result "0-1"]
[WhiteElo "2198"]
[BlackElo "2430"]
[TimeControl "180+1"]
[EndTime "10:18:00 PDT"]
[Termination "Elbek_Jumanov won by resignation"]

1. e4 c5 2. Nf3 e6 3. d4 cxd4 4. Nxd4 Nf6 5. Nc3 d6 6. g3 Nc6 7. Bg2 Bd7 8. O-O a6 9. Be3 Be7 10. h3 O-O 11. Qd2 Qc7 12. Rad1 b5 13. Rfe1 Rac8 14.
Nce2 Rfd8 15. c3 Be8 16. Kh2 d5 17. exd5 Nxd5 18. Bg5 Na5 19. Bxe7 Qxe7 20. b3 Nc6 21. Nxc6 Bxc6 22. Nd4 Ba8 23. Nf5 Qf6 24. Bxd5 Rxd5 25. Nd4 g6 26. Qe3 Rh5 27. f4 Rhc5 28. Rd3 Qe7 29.
Nf3 Qc7 30. Rc1 Qa5 31. Ng5 Qxa2+ 32. Rd2 Qxb3 33. Nxe6 Qxe6 34. Qxe6 fxe6 35. Rdc2 b4 36. c4 a5 37. Kg1 Kf7 38. Rb1 Be4 39. Rbb2 Bxc2 40. Rxc2 Rxc4 41. Rxc4 Rxc4 0-1

[Event "*** SCC Grand Prix: Titled Tuesday Blitz"]
[Site "Chess.com"]
[Date "2020.06.02"]
[Round "2"]
[White "Larina_Marija"]
[Black "Baronessa08"]
[Result "0-1"]
[WhiteElo "2114"]
[BlackElo "2392"]
[TimeControl "180+1"]
[EndTime "10:18:00 PDT"]
[Termination "Baronessa08 won on time"]

1. e4 c5 2. Nc3 Nc6 3. g3 g6 4.
Bg2 Bg7 5. d3 d6 6. Be3 e6 7.
Nge2 Nd4 8. Qd2 Ne7 9. Nd1 O-O 10. O-O Rb8 11. c3 Nxe2+ 12. Qxe2 b5 13. d4 cxd4 14.
Bxd4 e5 15. Be3 a6 16. f4 Bb7 17. Nf2 exf4 18. gxf4 Re8 19. Qd2 d5 20. Rad1 dxe4 21.
Qc2 Qc8 22. Nxe4 Nf5 23. Bf2 Qc7 24. Bg3 Bxe4 25. Bxe4 Ne3 26. Qd3 Nxf1 27. Rxf1 Rbd8 28. Qf3 Qc5+ 29. Bf2 Qc4 30. Bc2 Qe2 31. Qxe2 Rxe2 32. Bb3 Rxb2 33. Be1 Rb1 34. f5 gxf5 35. Kf2 Re8 36.
Rg1 Kf8 37. c4 Bd4+ 0-1

[Event "*** SCC Grand Prix: Titled Tuesday Blitz"]
[Site "Chess.com"]
[Date "2020.06.02"]
[Round "2"]
[White "Izoria123"]
[Black "GelmanAlexander"]
[Result "0-1"]
[WhiteElo "2850"]
[BlackElo "2564"]
[TimeControl "180+1"]
[EndTime "10:18:01 PDT"]
[Termination "GelmanAlexander won by resignation"]

1. Nf3 c5 2. e4 e6 3. c3 d5 4. exd5 exd5 5. d4 Nc6 6. Bb5 Nf6 7. O-O Bd6 8. dxc5 Bxc5 9. Bg5 Be6 10. Nbd2 O-O 11. Nb3 Bb6 12. Re1 h6 13. Be3 Bc7 14. h3 Ne4 15. Nbd4 Bd7 16. Bd3 Re8 17. Qc2 Rc8 18.
Rad1 Qf6 19. Qb3 Ne5 20. Nxe5 Rxe5 21. Nf3 Bxh3 22. Nxe5 Qxe5 23. f4 Qh5 24. Bxe4 dxe4 25. gxh3 Qxh3 26. Qc2 Bb6 27. Bxb6 Rc6 28. Bd8 Rg6+ 29. Bg5 hxg5 30. Rd8+ Kh7 31. Qh2 gxf4+ 32. Kh1 Rh6 33. Qxh3 Rxh3+ 34. Kg2 Rg3+ 35. Kh2 f5 36.
Rd2 g5 37. Rg2 Rxg2+ 38. Kxg2 Kh6 39. c4 f3+ 40. Kg3 Kh5 41. Rh1+ Kg6 42. c5 f4+ 43. Kg4 f2 44. b4 e3 45. Kf3 Kf5 46. b5 g4+ 47.
Ke2 Ke4 48. Rb1 f3+ 49. Kf1 g3 0-1

[Event "*** SCC Grand Prix: Titled Tuesday Blitz"]
[Site "Chess.com"]
[Date "2020.06.02"]
[Round "2"]
[White "GaboSalazar2001"]
[Black "Moon_stone123"]
[Result "0-1"]
[WhiteElo "2258"]
[BlackElo "2486"]
[TimeControl "180+1"]
[EndTime "10:18:01 PDT"]
[Termination "Moon_stone123 won by checkmate"]

1. e4 c5 2. Nf3 d6 3. d4 cxd4 4.
Nxd4 Nf6 5. Nc3 g6 6. Bg5 Bg7 7. Bb5+ Bd7 8. Qe2 a6 9. Bxd7+ Nbxd7 10. O-O-O Qa5 11. h4 Rc8 12. Nb3 Qc7 13. h5 Qc4 14.
h6 Bf8 15. Qxc4 Rxc4 16. f3 e6 17. Rd4 Rxd4 18. Nxd4 Be7 19. Rd1 Ng8 20. Be3 g5 21. Rh1 Ne5 22. Rh5 Ng6 23. Bxg5 Bxg5+ 24. Rxg5 Nxh6 25. Kd2 Ng8 26. Ke3 Nf6 27. Nb3 Ke7 28. f4 h6 29. Rg3 Rc8 30. Rh3 b5 31. a3 Rc4 32. Nd2 Rc8 33. Kf3 h5 34. Rh1 Rc5 35.
Re1 Nd7 36. g4 hxg4+ 37. Kxg4 Nf6+ 38. Kf3 Rc8 39. Nb3 Rh8 40. Re2 Rh3+ 41. Kf2 Nxf4 42.
Re1 Ng6 43. Nd2 Rh2+ 44. Ke3 Ng4+ 45. Kd3 N6e5+ 46. Kd4 Rxd2# 0-1

[Event "*** SCC Grand Prix: Titled Tuesday Blitz"]
[Site "Chess.com"]
[Date "2020.06.02"]
[Round "2"]
[White "LisikValera"]
[Black "Saxar85"]
[Result "0-1"]
[WhiteElo "2493"]
[BlackElo "2728"]
[TimeControl "180+1"]
[EndTime "10:18:02 PDT"]
[Termination "Saxar85 won on time"]

1. d4 d6 2. e4 g6 3. Nc3 Bg7 4. h4 Nf6 5. Be2 h5 6. Nf3 Bg4 7. Ng5 Nc6 8. Be3 e5 9. d5 Nd4 10. Bxd4 exd4 11. Qxd4 O-O 12. f3 Bd7 13. Qd2 c6 14.
O-O-O cxd5 15. Nxd5 Nxd5 16. Qxd5 Qb6 17. Qb3 Qf2 18.
Bc4 Be8 19. Rxd6 b5 20. Bd5 Rc8 21. Rxg6 a5 22. Nh3 a4 23. Nxf2 axb3 24. Bxb3 Kh7 25. Rg5 Bh6 26. f4 f6 27. Rd5 Bxf4+ 28. Kb1 Kh6 29.
Nd3 Bg3 30. e5 fxe5 31. Nxe5 Rf2 32. Rhd1 Rxg2 33. Nf3 Bc6 34. R5d3 Be4 35. Re3 Bf5 36. Nd4 Bg4 37. Be6 Bxd1 38. Bxc8 Bxh4 39. a3 Bf6 40. Re6 Kg6 0-1